 Dungeon Crawl Stone Soup version 0.20.1-1-g8b1a95d (webtiles) character file.

54 MovingMist the Covered (level 3, -2/23 HPs)
             Began as a Gargoyle Fighter on Nov 20, 2017.
             Slain by Natasha (4 damage)
             ... on level 2 of the Dungeon.
             The game lasted 00:02:59 (1095 turns).

MovingMist the Covered (Gargoyle Fighter)           Turns: 1095, Time: 00:03:01

Health: -2/23      AC: 10    Str: 19    XL:     3   Next: 91%
Magic:  3/3        EV:  7    Int:  8    God:
Gold:   67         SH:  9    Dex: 10    Spells: 2/2 levels left

rFire    . . .     SeeInvis .   a - +0 flail
rCold    . . .     Gourm    .   c - +0 shield
rNeg     + . .     Faith    .   b - +0 scale mail
rPois    ∞         Spirit   .   (no helmet)
rElec    +         Reflect  .   (no cloak)
rCorr    .         Harm     .   (no gloves)
MR       .....                  (no boots)
Stlth    ..........             (no amulet)
Regen    0.1/turn               (no ring)
MPRegen  0.1/turn               (no ring)

@: no status effects
A: negative energy resistance 1, electricity resistance, unbreathing,
petrification resistance, rot immunity, AC +3
a: no special abilities


You were on level 2 of the Dungeon.
You were not hungry.

You visited 1 branch of the dungeon, and saw 2 of its levels.

You collected 67 gold pieces.

Inventory:

Hand Weapons
 a - a +0 flail (weapon)
Armour
 b - a +0 scale mail (worn)
 c - a +0 shield (worn)
Scrolls
 i - 3 scrolls of teleportation {unknown}
 j - 3 scrolls of blinking {unknown}
 k - a scroll of noise {unknown}
 l - 2 scrolls of remove curse {unknown}
 o - 3 scrolls of enchant weapon {unknown}
 p - a scroll of random uselessness {unknown}
Potions
 d - a potion of might
 e - 2 potions of curing {unknown}
 m - 2 potions of flight {unknown}
 n - a potion of agility {unknown}
Comestibles
 f - 4 bread rations
 h - a meat ration


   Skills:
 + Level 3.5 Fighting
 + Level 2.6 Maces & Flails
 + Level 3.6 Armour
 * Level 1.6 Dodging
 - Level 3.2 Shields


You had 2 spell levels left.
You didn't know any spells.

Dungeon Overview and Level Annotations

Branches:
Dungeon (2/15)

Altars:

Annotations:
D:2 Natasha


Innate Abilities, Weirdness & Mutations

You are resistant to torment.
Your stone body is resilient. (AC +3)
You are immune to poison.
You resist negative energy. (rN+)
You are resistant to electric shocks. (rElec)
You can survive without breathing.
You are immune to petrification.
You are immune to rotting.


Message History

A magic dart appears from out of thin air!
The magic dart hits you! You block the shadow imp's attack.
You block the crimson imp's attack. You block something's attack.
The shadow imp hits you but does no damage.
The crimson imp hits you.
You closely miss the shadow imp.
The shadow imp disappears in a puff of smoke!
The crimson imp barely misses you.
Something claws you but does no damage. x2
The crimson imp hits you.
* * * LOW HITPOINT WARNING * * *
You closely miss the crimson imp. You block the crimson imp's attack.
Something claws you but does no damage. x2
The crimson imp hits you but does no damage.
You miss the crimson imp.
You feel yourself speed up.
The crimson imp disappears in a puff of smoke!
Something claws you.
* * * LOW HITPOINT WARNING * * *
Something claws you.
You die...

.........#..........###
##.......#.########## #
#...###.......########.#
#...# #...........)....
#..####.####........#.#
..##....#
#........#.#### .....###
#.............# ..####
#...§....###### ..#
#...)@...# ..##
####...### #..#
##......### #..###
#...###...### .....#
#.#.# ###...##### .
.###.# #..#(# ###.....#
.. .# .# #..##.# #####.#
#.. ## . ####.# #.#
##.##... .. ....###.#
#.......


There were no monsters in sight!

Vanquished Creatures
  Natasha (D:2)
  A dart slug (D:1)
  2 leopard geckos
  A giant cockroach (D:1)
  4 goblins (D:1)
  3 hobgoblins
  6 kobolds
  A quokka (D:2)
  2 bats
  5 rats
26 creatures vanquished.

Notes
Turn   | Place    | Note
-------+----------+-------------------------------------------
     0 | D:1      | MovingMist the Gargoyle Fighter began the quest for the Orb.
     0 | D:1      | Reached XP level 1. HP: 14/14 MP: 1/1
    75 | D:1      | Reached XP level 2. HP: 15/19 MP: 2/2
   199 | D:1      | Reached skill level 1 in Dodging
   682 | D:2      | Reached XP level 3. HP: 22/23 MP: 3/3
   827 | D:2      | Noticed Natasha
   842 | D:2      | Killed Natasha
  1082 | D:2      | Noticed Natasha
  1095 | D:2      | Slain by Natasha

Skill      XL: |  1  2 |
---------------+-------+-----
Dodging        | 1 |  1.6
Fighting       | |  3.5
Maces & Flails | |  2.6
Armour         | |  3.6
Shields        | |  3.2

Action                   || total
-------------------------++-------
Melee: Flail             ||   110
  Eat: Chunk             ||     1
Armor: Scale mail        ||    69
Dodge: Dodged            ||    35
Block: Shield            ||    66
